 Dungeon Crawl Stone Soup version 0.21-a0-110-g8e1637b (webtiles) character file.

177 Ordine the Conjurer (level 5, -8/28 HPs)
             Began as a Tengu Wizard on July 10, 2017.
             Mangled by an iguana (13 damage)
             ... on level 4 of the Dungeon.
             The game lasted 00:07:39 (3352 turns).

Ordine the Conjurer (Tengu Wizard)                  Turns: 3352, Time: 00:07:40

Health: -8/28      AC:  4    Str:  7    XL:     5   Next: 57%
Magic:  2/11       EV: 15    Int: 20    God:
Gold:   167        SH:  0    Dex: 12    Spells: 8/11 levels left

rFire    . . .     SeeInvis .   e - +1 whip
rCold    . . .     Gourm    .   (no shield)
rNeg     . . .     Faith    .   a - +0 robe
rPois    .         Spirit   .   b - +1 hat
rElec    .         Reflect  .   r - +0 cloak
rCorr    +         Harm     .   (no gloves)
MR       .....                  (boots unavailable)
Stlth    ++........             (no amulet)
HPRegen  0.09/turn              h - ring of resist corrosion
MPRegen  0.12/turn              q - +3 ring of evasion

@: very slightly contaminated
A: beak, talons 3, able to fly 1
a: Fly


You were on level 4 of the Dungeon.
You were not hungry.

You visited 1 branch of the dungeon, and saw 4 of its levels.

You collected 167 gold pieces.

Inventory:

Hand Weapons
 e - a +1 whip (weapon)
Armour
 a - a +0 robe (worn)
 b - a +1 hat (worn)
 r - a +0 cloak (worn)
 s - a +0 leather armour
Magical Staves
 w - an uncursed staff of poison {unknown}
Jewellery
 h - a ring of resist corrosion (left hand)
 q - a +3 ring of evasion (right hand)
Wands
 u - a wand of lightning (11/15)
Scrolls
 t - 3 scrolls of remove curse
 v - a scroll of fog
Potions
 g - a potion of ambrosia
 j - a potion of invisibility {unknown}
 l - a potion of flight {unknown}
 m - a potion of heal wounds {unknown}
 n - 2 potions of mutation
Books
 c - a book of Minor Magic

   Spells                             Type                      Level
   a - Magic Dart                     Conjuration                  1
   b - Blink                          Translocation                2
   c - Call Imp                       Summoning                    2
   d - Slow                           Hexes                        2
   e - Conjure Flame                  Conjuration/Fire             3
   f - Mephitic Cloud                 Conjuration/Poison/Air       3
Comestibles
 d - 4 bread rations
 f - 2 royal jellies
 k - 2 meat rations
 o - 7 fruits
 p - 3 chunks of flesh


   Skills:
 - Level 2.1 Dodging
 - Level 3.0 Stealth
 + Level 3.7 Spellcasting
 * Level 4.0 Conjurations
   Level 1.2 Summonings
 + Level 2.2 Translocations


You had 8 spell levels left.
You knew the following spells:

 Your Spells              Type           Power        Failure   Level  Hunger
a - Magic Dart            Conj           ###.         2%          1    None
b - Blink                 Tloc           N/A          8%          2    ##.....


Dungeon Overview and Level Annotations

Branches:
Dungeon (4/15)
 Temple: D:4-7

Altars:
Cheibriados


Innate Abilities, Weirdness & Mutations

You have a beak for a mouth.
You have claws for feet.
You can fly.


Message History

* * * LOW HITPOINT WARNING * * *
You feel better. The iguana barely misses you.
Casting: Magic Dart
Confirm with . or Enter, or press ? or * to list all spells.
Aiming: Magic Dart
Press: ? - help, Shift-Dir - straight line, f/p - iguana
Aim: an iguana (severely wounded)
You miscast Magic Dart.
You are very lightly contaminated with residual magic.
Nothing appears to happen.
The iguana bites you.
* * * LOW HITPOINT WARNING * * *
Casting: Magic Dart
Confirm with . or Enter, or press ? or * to list all spells.
Aiming: Magic Dart
Press: ? - help, Shift-Dir - straight line, f/p - iguana
Aim: an iguana (severely wounded)
The magic dart hits the iguana.
The iguana is severely wounded.
The iguana bites you!
You die...

....# ##.##
....####.##
#..#..##
#%...##
##...#
##...##
##.....#
##l.##...#
#@.####...#
# #....###
#.... ##
##### ...##
###. ...#
##... .#
#.... #...)
###.. ##.
##


You could see an iguana.

Vanquished Creatures
  Crazy Yiuf (D:2)
  6 adders
  A gnoll (D:1)
  An ooze (D:1)
  4 dart slugs
  6 leopard geckos
  2 orcs
  A ball python (D:2)
  2 giant cockroaches
  8 goblins
  6 hobgoblins (D:1)
  9 jackals
  3 bats
  5 frilled lizards
  5 kobolds
  5 rats
65 creatures vanquished.

Notes
Turn   | Place    | Note
-------+----------+-------------------------------------------
     0 | D:1      | Ordine the Tengu Wizard began the quest for the Orb.
     0 | D:1      | Reached XP level 1. HP: 10/10 MP: 5/5
   137 | D:1      | Reached skill level 2 in Conjurations
   137 | D:1      | Reached XP level 2. HP: 13/15 MP: 0/7
   167 | D:1      | Learned a level 2 spell: Blink
   258 | D:1      | Reached skill level 1 in Translocations
   478 | D:1      | Reached XP level 3. HP: 19/19 MP: 0/8
  1386 | D:2      | Reached XP level 4. HP: 11/24 MP: 0/10
  1713 | D:2      | Reached skill level 3 in Conjurations
  2056 | D:2      | Found a runed door.
  2063 | D:2      | Noticed Crazy Yiuf
  2070 | D:2      | Killed Crazy Yiuf
  2070 | D:2      | Gained mutation: You can fly. [Tengu growth]
  2070 | D:2      | Reached XP level 5. HP: 20/28 MP: 4/11
  2673 | D:3      | Found a faded altar of an unknown god.
  2702 | D:3      | Found a snail-covered altar of Cheibriados.
  3148 | D:4      | Reached skill level 4 in Conjurations
  3349 | D:4      | HP: 1/28 [iguana (9)]
  3352 | D:4      | Mangled by an iguana

Vault maps used:
D:1:      minmay_arrival_four_loops, minmay_hexomino_c4
D:2:      uniq_crazy_yiuf_cottage
D:3:      first_bread, chequers_ecumenical_altar_twisty, nrook_mini_vaults,
          cheibriados_altar_1
D:4:      lemuel_crystal_altar

Skill      XL: |  1  2  3  4  5 |
---------------+----------------+-----
Conjurations   | 2 3 4 |  4.0
Translocations | 1 2 |  2.2
Stealth        | 3 |  3.0
Dodging        | |  2.1
Spellcasting   | |  3.7
Summonings     | |  1.2

Action                   |  1- 3 |  4- 6 || total
-------------------------+-------+-------++-------
Melee: Unarmed           |     3 |       ||     3
       Kick              |     3 |     1 ||     4
       Peck              |     2 |     1 ||     3
       Whip              |    15 |     5 ||    20
 Cast: Magic Dart        |    82 |    91 ||   173
  Use: Scroll            |     5 |     5 ||    10
       Potion            |       |     3 ||     3
  Eat: Chunk             |     1 |     6 ||     7
Armor: Robe              |    11 |     5 ||    16
Dodge: Dodged            |    34 |    27 ||    61
